 Dungeon Crawl Stone Soup version 0.30.0-29-ga12c61a403 (webtiles) character file.

Game seed: 16248789924512174257

6408 loir the Fighter (level 11, -2/85 HPs)
             Began as a Djinni Conjurer on June 8, 2023.
             Slain by a wraith (3 damage)
             ... while petrified by a catoblepas
             ... on level 9 of the Dungeon on June 9, 2023.
             The game lasted 01:24:47 (9310 turns).

loir the Fighter (Djinni Conjurer)                  Turns: 9310, Time: 01:24:47

Health: -2/85      AC:  7    Str:  6    XL:     11   Next: 18%
Gold:   457        EV:  2    Int: 25    God:
                   SH:  0    Dex: 11

rFire   + + +        c - +4 short sword (drain)
rCold   x . .        (no shield)
rNeg    + + +        n - +2 leather armour of Unreason {rF+}
rPois   ∞            d - +2 hat
rElec   .            (no cloak)
rCorr   +            (no gloves)
SInv    .            (boots unavailable)
Will    +....        (no amulet)
Stlth   +            p - ring of resist corrosion
HPRegen 0.34/turn    i - ring of wizardry
MPRegen 0.00/turn

%: wizardry (x1), infuse magic (-3 HP)
@: petrified, flying, slowed
A: sickness immunity, fire resistance 2, cold vulnerability 1, float, innate
caster, HP casting, extra vitality 1
a: no special abilities


You were on level 9 of the Dungeon.
You visited 2 branches of the dungeon, and saw 10 of its levels.

You collected 457 gold pieces.

Inventory:

Hand Weapons
 c - a +4 short sword of draining (weapon)
 j - a +2 dagger of electrocution
Armour
 a - a +0 robe
 d - a +2 hat (worn)
 n - the +2 leather armour of Unreason (worn) {rF+}
   (You found it on level 5 of the Dungeon)

   rF:        It protects you from fire.
 o - a +1 hat
 r - +0 steam dragon scales
 v - +0 steam dragon scales
Jewellery
 i - a ring of wizardry (right hand)
 p - a ring of resist corrosion (left hand)
Wands
 e - a wand of polymorph (2)
 f - a wand of digging (3)
 k - a wand of flame (6)
 m - a wand of mindburst (24)
 u - a wand of charming (7)
Scrolls
 b - 4 scrolls of magic mapping
 w - 3 scrolls of identify
Potions
 g - 2 potions of lignification
 h - 4 potions of curing
 l - a potion of ambrosia
 q - 3 potions of heal wounds {unknown}
 s - a potion of brilliance {unknown}


   Skills:
 + Level 9.8 Fighting
 + Level 8.5 Dodging
 - Level 1.5 Stealth
 * Level 8.9 Spellcasting


You knew the following spells:

 Your Spells              Type           Power      Damage    Failure   Level
a - Magic Dart            Conj           100%       1d8       1%          1
b - Searing Ray           Conj           100%       2d8       1%          2
c - Dazzling Flash        Conj/Hex       100%       N/A       1%          3
d - Fulminant Prism       Conj/Hex       27%        3d14      1%          4
e - Iskenderun's Mystic   Conj/Tloc      54%        2d12      1%          4
f - Necrotise             Necr           100%       1d9       1%          1
g - Passwall              Tmut/Erth      45%        N/A       1%          2
h - Swiftness             Air            54%        N/A       1%          3
i - Gell's Gravitas       Tloc           54%        N/A       1%          3
j - Animate Dead          Necr           54%        N/A       1%          4
Your spell library was empty.

Dungeon Overview and Level Annotations

Branches:
Dungeon (9/15)             Temple (1/1) D:6
   Lair: D:8-11         Orc: D:9-12

Altars:
Ashenzari
Cheibriados
Dithmenos
Elyvilon
Fedhas
Hepliaklqana
Makhleb
Nemelex Xobeh
Okawaru
Qazlal
Ru
Trog
Uskayaw
Wu Jian
Xom
Yredelemnul
Zin
The Shining One

Shops:
D:1 ?**(   D:7 *


Innate Abilities, Weirdness & Mutations

You are immune to sickness and miasma.
You are immune to poison.
Your flesh is very heat resistant. (rF++)
You are vulnerable to cold. (rC-)
You float through the air rather than walking.
You learn spells naturally, not from books.
Your magical power is your life essence.
You have superior vitality. (+4 MHP)


Message History

You hear an explosion!
Casting: Fulminant Prism (mildly dangerous; 1% risk of failure)
Confirm with . or Enter, or press ? or * to list all spells.
Aiming: Necrotise (safe; 1% risk of failure)
Press: ? - help, Shift-Dir - straight line, f - catoblepas
Aim: a catoblepas (heavily wounded, chance to affect: 20%)
The catoblepas resists with almost no effort.
The catoblepas breathes a plume of calcifying dust at you.
The blast of calcifying dust hits you.
Casting: Necrotise (safe; 1% risk of failure)
Confirm with . or Enter, or press ? or * to list all spells.
You can't see any susceptible monsters within range! (Use Z to cast anyway.) Unknown command.
You are engulfed in calcifying dust.
You are slowing down.
Your limbs are stiffening.
You have turned to stone.
The catoblepas breathes a plume of calcifying dust at you.
The blast of calcifying dust hits you.
You are engulfed in calcifying dust.
The catoblepas gores you!!
You are engulfed in calcifying dust.
The catoblepas gores you!! The wraith hits you! The wraith drains your vigour!
You feel yourself slow down.
You are engulfed in calcifying dust.
The catoblepas gores you!!
* * * LOW HITPOINT WARNING * * *
The wraith hits you but does no damage.
You are engulfed in calcifying dust.
The catoblepas gores you!!
* * * LOW HITPOINT WARNING * * *
The wraith hits you.
* * * LOW HITPOINT WARNING * * *
The wraith drains your vigour!
You feel as though you will be slow longer.
You are engulfed in calcifying dust.
The catoblepas gores you!
* * * LOW HITPOINT WARNING * * *
The wraith hits you.
* * * LOW HITPOINT WARNING * * *
The catoblepas gores you.
* * * LOW HITPOINT WARNING * * *
The wraith hits you!
You die...

#...÷....############.#
####.################.###
#.# #.).....##.....#
#÷#####.......##.###.##
#÷÷.)##.......##.# #..#
#.............##.###..#
#.##.#........##......#
#.##.#.W......###...#.#
.....#.Y@.§.§.# #.....#
#..####.######## #...###
#..####§# ##.##
#......§####### #.#
#.#####§#.....# #.#
#.W.*..Y#.....# #.#
..####........#####.#
.........[.....#
##.##.....############


You could see a catoblepas and a wraith.

Vanquished Creatures
  A cyclops (D:8)
  2 trolls (D:9)
  A wraith (D:7)
  A wyvern (D:8)
  10 yaks (D:9)
  A vampire mosquito (D:9)
  2 steam dragons
  4 water moccasins (D:7)
  3 sky beasts
  4 ice beasts
  3 black bears
  6 centaurs
  A kobold brigand (D:8)
  A gnoll sergeant (D:7)
  3 scorpions
  7 bullfrogs
  5 howler monkeys
  3 hounds
  A gnoll bouda (D:8)
  3 orc priests
  2 jellies
  3 iguanas
  2 orc wizards
  14 gnolls
  10 adders
  A shadow imp (D:8)
  2 white imps (D:6)
  2 ufetubi
  2 dart slugs
  20 orcs
  8 ball pythons
  4 bats
  6 endoplasms
  A giant cockroach (D:3)
  8 goblins
  9 hobgoblins
  11 jackals
  A quokka (D:2)
  2 frilled lizards
  16 kobolds
  6 rats
  4 fulminant prisms
196 creatures vanquished.

Vanquished Creatures (others)
  An endoplasm (D:3)
  47 fulminant prisms
48 creatures vanquished.

Grand Total: 244 creatures vanquished

Notes
Turn   | Place    | Note
-------+----------+-------------------------------------------
     0 | D:1      | loir the Djinni Conjurer began the quest for the Orb.
     0 | D:1      | loir set off with the following spells memorised: Magic
                  | Dart, Searing Ray, Dazzling Flash, Fulminant Prism,
                  | Iskenderun's Mystic Blast.
     0 | D:1      | Reached XP level 1. HP: 15/15 MP: 0/0
    66 | D:1      | Found Gos Kig's Assorted Antiques.
   174 | D:1      | Identified a scroll of acquirement
   174 | D:1      | Acquired a +1 hat
   198 | D:1      | Reached XP level 2. HP: 22/22 MP: 0/0
   239 | D:1      | Found Ittoexki's General Store.
   281 | D:1      | Found Gath's Antique Weapon Shop.
   395 | D:1      | Reached skill level 1 in Fighting
   422 | D:1      | Found Quuprar's Magic Scroll Shop.
   438 | D:1      | Found a faded altar of an unknown god.
   742 | D:1      | Reached XP level 3. HP: 24/27 MP: 0/0
   742 | D:1      | Learned a level 1 spell: Necrotise
   942 | D:2      | Found a basalt altar of Yredelemnul.
  1092 | D:2      | Reached skill level 2 in Fighting
  1092 | D:2      | Reached XP level 4. HP: 30/33 MP: 0/0
  1705 | D:3      | Found a basalt altar of Yredelemnul.
  1782 | D:3      | You are sucked into a shaft and drop 1 floor!
  1848 | D:4      | Reached XP level 5. HP: 35/39 MP: 0/0
  1848 | D:4      | Learned a level 2 spell: Passwall
  1902 | D:4      | Noticed an ice beast
  2004 | D:3      | Reached skill level 3 in Fighting
  2331 | D:3      | Found a sparkling altar of Nemelex Xobeh.
  3168 | D:4      | Reached XP level 6. HP: 33/46 MP: 0/0
  3545 | D:4      | Killed an ice beast
  3641 | D:4      | Found a glowing golden altar of the Shining One.
  3812 | D:5      | Entered Level 5 of the Dungeon
  3828 | D:5      | Reached skill level 4 in Fighting
  3828 | D:5      | Reached XP level 7. HP: 41/52 MP: 0/0
  3828 | D:5      | Learned a level 3 spell: Swiftness
  3828 | D:5      | Identified the +2 leather armour of Unreason {rF+}
  4445 | D:6      | Reached skill level 5 in Spellcasting
  4803 | D:6      | Reached skill level 5 in Fighting
  4803 | D:6      | Reached XP level 8. HP: 52/59 MP: 0/0
  5013 | D:6      | Reached skill level 5 in Dodging
  5223 | D:6      | Reached skill level 6 in Fighting
  5472 | D:6      | Found a staircase to the Ecumenical Temple.
  5481 | Temple   | Entered the Ecumenical Temple
  5611 | D:6      | Found a bloodstained altar of Trog.
  5866 | D:7      | Reached XP level 9. HP: 54/67 MP: 0/0
  5866 | D:7      | Learned a level 3 spell: Gell's Gravitas
  6116 | D:7      | Found Ozopiah's Serpentskin Sales.
  6320 | D:7      | Reached skill level 7 in Fighting
  6501 | D:7      | Found a blossoming altar of Fedhas.
  6994 | D:7      | Reached skill level 8 in Fighting
  7334 | D:7      | Reached XP level 10. HP: 68/76 MP: 0/0
  7371 | D:7      | Found an iron altar of Okawaru.
  8016 | D:8      | Reached skill level 9 in Fighting
  8178 | D:8      | Found a burning altar of Makhleb.
  8178 | D:8      | Noticed a blizzard demon
  8273 | D:8      | Found an ornate altar of the Wu Jian Council.
  8767 | D:9      | Identified the +2 leather armour of the Pink Corner {Drain
                  | rPois Will+}
  8992 | D:9      | Reached XP level 11. HP: 71/84 MP: 0/0
  8992 | D:9      | Learned a level 4 spell: Animate Dead
  9004 | D:9      | Noticed a cyclops
  9252 | D:8      | Killed a cyclops
  9286 | D:9      | Noticed a catoblepas
  9309 | D:9      | HP: 4/85 [wraith (1)]
  9310 | D:9      | HP: 1/85 [catoblepas (3)]
  9310 | D:9      | Slain by a wraith

Illustrated notes

Levels and vault maps discovered:
D:1:      mushboom_english_gardens, layout_basic, serial_shops,
          nicolae_shop_advertising_works [nicolae_subvault_shop_adworks],
          nicolae_shop_tiny_real_fake_doors, nicolae_shop_real_fake_doors,
          nicolae_shop_crystal, shapermc_ecumenical_altar_starsandcircs,
          nicolae_kite_square_tiling_tiny, chequers_serial_rivers_micro_d,
          roderic_serpentine_path, minmay_misc_feat_room, skrybe_limestone_x,
          chequers_garden
D:2:      layout_loops_ring, basic_altar
D:3:      layout_basic, yredelemnul_altar_generic, nemelex_dance_club_becter,
          lemuel_flame_loot_1
D:4:      layout_loops_ring, overflow_temple_1_default
D:5:      layout_basic
D:6:      layout_basic, lemuel_crystal_altar, minmay_temple_entry_glassed_door,
          minmay_fractal_squares_5
D:7:      layout_basic, okawaru_altar_gauntlet_db, fedhas_altar_3,
          guppyfry_shop_venom
D:8:      layout_basic, makhleb_altar_promises_db, mainiacjoe_overflow_big_doors
D:9:      minmay_bloctagon_deflated, layout_loops_cross
Temple:   hellmonk_temple_two_chambers

Skill      XL: |  1  2  3  4  5  6  7  8  9 10 |
---------------+-------------------------------+-----
Fighting       | 1 2 3 4 5 6 8 9 |  9.8
Dodging        | 3 4 5 6 8 |  8.5
Spellcasting   | 4 5 6 7 8 |  8.9
Stealth        | |  1.5

Action                     |  1- 3 |  4- 6 |  7- 9 | 10-12 || total
---------------------------+-------+-------+-------+-------++-------
  Melee: Short sword       |     1 |    22 |    84 |    46 ||   153
         Punch             |       |     1 |     2 |       ||     3
   Cast: Magic Dart        |    69 |   112 |    89 |    41 ||   311
         Fulminant Prism   |       |     4 |    18 |    30 ||    52
         Searing Ray       |       |     3 |    10 |    10 ||    23
         Necrotise         |       |       |     2 |     3 ||     5
         Swiftness         |       |       |     1 |     2 ||     3
         Animate Dead      |       |       |       |     1 ||     1
         Gell's Gravitas   |       |       |       |     1 ||     1
  Evoke: Wand              |       |       |     4 |       ||     4
    Use: Scroll            |     7 |     9 |     6 |     3 ||    25
         Potion            |       |       |     1 |       ||     1
 Armour: Robe              |     3 |     3 |       |       ||     6
         Leather armour    |       |       |    58 |    24 ||    82
  Dodge: Dodged            |     4 |    20 |   122 |    64 ||   210
